 Dungeon Crawl Stone Soup version 0.28.0 (webtiles) character file.

Game seed: 13568851612044425908

166 tilp the Chiller (level 5, 22/22 HPs)
             Began as a Felid Ice Elementalist on Feb 13, 2022.
             Quit the game on level 4 of the Dungeon.
             The game lasted 00:06:53 (4193 turns).

tilp the Chiller (Felid Ice Elementalist)           Turns: 4193, Time: 00:06:53

Health: 22/22      AC:  2    Str:  4    XL:     5   Next: 22%
Magic:  10/10      EV: 18    Int: 18    God:
Gold:   151        SH:  0    Dex: 17    Spells: 3/10 levels left
                                        Lives:  0   Deaths: 1

rFire   x . .      SeeInvis +     - Unarmed
rCold   + . .      Faith    .   (shield unavailable)
rNeg    . . .      Spirit   .   (armour unavailable)
rPois   .          Reflect  .   (helmet unavailable)
rElec   .          Harm     .   (cloak unavailable)
rCorr   .          Rampage  .   (gloves unavailable)
Will    .....                   (boots unavailable)
Stlth   ++........              (no amulet)
HPRegen 0.07/turn               d - ring of ice
MPRegen 0.12/turn               (no ring)

@: quick
A: very small, claws 1, fangs 3, see invisible, speed 1, shaggy fur 2, stealthy
paws, no weapons or thrown items, no armour, multi-lived
a: no special abilities


You were on level 4 of the Dungeon.
You visited 1 branch of the dungeon, and saw 4 of its levels.

You collected 151 gold pieces.

Inventory:

Jewellery
 d - a ring of ice (left paw)
Wands
 f - a wand of iceblast (8)
Scrolls
 b - 2 scrolls of magic mapping
Potions
 e - a potion of degeneration
 h - 2 potions of berserk rage


   Skills:
 * Level 1.0 Fighting
 + Level 3.0 Dodging
 + Level 3.1 Stealth
 * Level 1.0 Unarmed Combat
 - Level 3.0 Spellcasting
 - Level 6.0 Ice Magic
 + Level 1.0 Evocations


You had 3 spell levels left.
You knew the following spells:

 Your Spells              Type           Power      Damage    Failure   Level
a - Freeze                Ice            100%       1d11      1%          1
b - Frozen Ramparts       Ice            72%        1d9       4%          3
c - Ozocubu's Armour      Ice            36%        N/A       4%          3

Your spell library contained the following spells:

 Spells                   Type           Power      Damage    Failure   Level
 Hailstorm                Conj/Ice       20%        3d6       43%         4
 Summon Forest            Summ/Tloc      1%         N/A       99%         5
 Eringya's Noxious Bog    Tmut/Pois      1%         N/A       100%        6
 Summon Hydra             Summ           1%         N/A       100%        7


Dungeon Overview and Level Annotations

Branches:
Dungeon (4/15)
 Temple: D:4-7

Altars:
Kikubaaqudgha
Okawaru


Innate Abilities, Weirdness & Mutations

You have sharp claws.
You have razor-sharp teeth.
You have supernaturally acute eyesight. (SInv)
You cover ground quickly. (Speed+)
You are covered in thick fur. (AC +2)
Your paws help you pounce on unaware monsters.
You are incapable of wielding weapons or throwing items.
You cannot wear armour.
You gain extra lives every three experience levels.


Message History

* * * LOW HITPOINT WARNING * * *
You are lethally poisoned!
The killer bee poisons you! The killer bee closely misses you.
Unknown command.
It was a potion of curing.
You feel better. The killer bee misses you.
The killer bee stings you but does no damage.
The killer bee stings you.
* * * LOW HITPOINT WARNING * * *
You are lethally poisoned!
The killer bee poisons you!
Unknown command.
It was a potion of attraction.
You feel attractive to monsters.
* * * LOW HITPOINT WARNING * * *
You feel sick. The killer bee barely misses you.
The killer bee completely misses you. The killer bee misses you. x2
The killer bee stings you.
* * * LOW HITPOINT WARNING * * *
Unknown command.
Unknown command.
You closely miss the killer bee.
The killer bee is moderately wounded.
* * * LOW HITPOINT WARNING * * *
You feel sick.
The killer bee stings you but does no damage.
The killer bee closely misses you. The killer bee barely misses you.
The killer bee closely misses you.
Unknown command.
Unknown command.
Unknown command.
You scratch the killer bee.
The killer bee is heavily wounded.
You die...
You feel sick. The killer bee misses you. The killer bee barely misses you. x2
You are now level 5!
You rejoin the land of the living...
Unknown command.
Unknown command.
Unknown command.
Are you sure you want to abandon this character and quit the game? (Confirm with "yes".)

....... .......
....... ....... .
....... ...
.......
.....###.......
#......@......# ..
...
#######.......#
.....#
#.......###.#..#
#...........#.<#
..............> #
#########..#..##.#
###............#
.. #o..#...... #.
#y#......##


There were no monsters in sight!

Vanquished Creatures
  2 killer bees (D:4)
  2 orc priests
  An orc wizard (D:4)
  4 adders
  2 worms (D:2)
  4 dart slugs
  9 orcs
  7 ball pythons
  9 bats
  5 endoplasms
  2 giant cockroaches (D:1)
  9 goblins
  7 hobgoblins
  5 quokkas
  3 frilled lizards
  9 kobolds
  5 rats
85 creatures vanquished.

Vanquished Creatures (others)
  The ghost of p0werm0de the Gusty, a weakling GnAE (D:3)
  2 demonic plants (D:2)
3 creatures vanquished.

Grand Total: 88 creatures vanquished

Notes
Turn   | Place    | Note
-------+----------+-------------------------------------------
     0 | D:1      | tilp the Felid Ice Elementalist began the quest for the
                  | Orb.
     0 | D:1      | Reached XP level 1. HP: 7/7 MP: 4/4
   442 | D:1      | Reached XP level 2. HP: 10/11 MP: 1/6
   687 | D:1      | Reached skill level 4 in Ice Magic
  1151 | D:1      | Reached XP level 3. HP: 14/14 MP: 3/7
  1300 | D:1      | Learned a level 3 spell: Frozen Ramparts
  1437 | D:1      | Learned a level 3 spell: Ozocubu's Armour
  1736 | D:2      | Found a faded altar of an unknown god.
  1736 | D:2      | Noticed a cacodemon
  2088 | D:2      | Reached XP level 4. HP: 15/18 MP: 3/9
  2871 | D:3      | Found an iron altar of Okawaru.
  2925 | D:3      | Reached skill level 5 in Ice Magic
  2939 | D:3      | Found a transporter.
  2942 | D:3      | Noticed p0werm0de's ghost (weakling GnAE)
  3338 | D:3      | Reached XP level 5. HP: 21/21 MP: 1/10
  3434 | D:3      | Found an ancient bone altar of Kikubaaqudgha.
  3647 | D:3      | Found a transporter.
  3849 | D:3      | Killed p0werm0de's ghost
  4117 | D:4      | Reached skill level 6 in Ice Magic
  4184 | D:4      | Gained mutation: You are covered in thick fur. (AC +2)
                  | [Felid growth]
  4184 | D:4      | Reached XP level 6. HP: 24/25 MP: 2/11
  4188 | D:4      | Reached skill level 1 in Fighting
  4188 | D:4      | Reached skill level 1 in Unarmed Combat
  4188 | D:4      | Reached skill level 1 in Evocations
  4191 | D:4      | HP: 1/25 [poisoned by a killer bee]
  4192 | D:4      | Succumbed to a killer bee's poison
  4193 | D:4      | Reached XP level 5. HP: 0/22 MP: 2/10
  4193 | D:4      | Quit the game

Illustrated notes

Levels and vault maps discovered:
D:1:      wheals_arrival_shading, layout_basic
D:2:      layout_loops_ring, dreamdust_ecumenical_altar_sealed_demon
D:3:      layout_basic, mainiacjoe_overflow_brackets,
          mainiacjoe_overflow_surrounded_room, gammafunk_ghost_arena
D:4:      layout_basic, nicolae_overflow_crystal_walls, serial_shops,
          nicolae_shop_advertising_works [nicolae_subvault_shop_adworks]

Skill      XL: |  1  2  3  4  5  6 |
---------------+-------------------+-----
Ice Magic      | 4 5 6 |  6.0
Spellcasting   | 3 |  3.0
Stealth        | 3 |  3.1
Fighting       | 1 |  1.0
Dodging        | 3 |  3.0
Unarmed Combat | 1 |  1.0
Evocations     | 1 |  1.0

Action                   |  1- 3 |  4- 6 || total
-------------------------+-------+-------++-------
Melee: Unarmed           |    18 |    13 ||    31
       Bite              |     1 |     2 ||     3
 Cast: Freeze            |    56 |    23 ||    79
       Frozen Ramparts   |     4 |    16 ||    20
       Ozocubu's Armour  |       |     3 ||     3
  Use: Scroll            |     1 |     6 ||     7
       Potion            |       |     3 ||     3
 Stab: Sleeping          |    10 |     4 ||    14
Armor: Skin              |     4 |     8 ||    12
Dodge: Dodged            |    45 |    32 ||    77
